Map: [ESL] Ghost River

Players

DRG - Winner!

  • Race: Zerg Zerg
  • Spawn Location: 1:00

ByuN

  • Race: Terran Terran
  • League: Master
  • Spawn Location: 11:00

VOD

Have the link to the VOD?

Description

Time

  • Played on: May 15, 2024, 7:08 a.m.
  • Length: 15:23
Show
View Real Time Build Order
Export as new Build Order

DRG Zerg - Winner!

Build Orders: Hatch First 

Get SALT Encoding   

  12  0:00  Drone  
  13  0:11  Overlord  
  13  0:17  Drone  
  14  0:30  Drone x2  
  16  0:47  Hatchery  
  15  0:50  Drone  
  15  0:54  Drone  
  17  0:57  Drone  
  18  1:08  Extractor  
  17  1:12  Spawning Pool  
  17  1:15  Drone  
  17  1:18  Drone  
  18  1:28  Drone  
  19  1:38  Drone  
  20  1:49  Drone  
  21  1:59  Queen x2, Zergling x4  
  27  2:10  Overlord  
  27  2:11  Zergling x2  
  27  2:12  Metabolic Boost  
  28  2:29  Drone x2  
  30  2:32  Drone  
  30  2:34  Hatchery  
  30  2:41  Queen  
  32  2:46  Overlord  
  32  2:48  Drone  
  34  2:51  Drone  
  34  2:53  Drone  
  34  2:55  Drone  
  36  3:03  Overlord  
  36  3:08  Drone  
  36  3:09  Drone  
  36  3:10  Drone x2  
  36  3:11  Drone  
  41  3:13  Drone  
  41  3:16  Drone  
  44  3:20  Drone  
  44  3:22  Drone  
  44  3:24  Queen  
  47  3:28  Drone  
  47  3:30  Drone  
  47  3:33  Queen  
  51  3:39  Overlord  
  51  3:43  Drone  
  51  3:46  Queen  
  54  3:52  Drone  
  54  3:53  Drone x2  
  54  3:54  Drone  
  58  3:56  Overlord  
  58  4:01  Overlord  
  57  4:03  Drone  
  57  4:05  Drone  
  57  4:09  Queen  
  61  4:10  Drone  
  61  4:13  Drone x3  
  61  4:16  Overlord x2  
  65  4:20  Drone  
  65  4:22  Queen  
  68  4:25  Drone x2  
  68  4:29  Drone  
  71  4:33  Extractor  
  71  4:34  Drone  
  71  4:35  Drone x3, Evolution Chamber  
  71  4:36  Evolution Chamber, Zergling x2  
  71  4:37  Zergling x2  
  74  4:41  Drone x3  
  74  4:45  Queen  
  79  4:49  Drone x3  
  79  4:52  Zergling x4  
  84  4:56  Spore Crawler x2  
  84  4:57  Drone, Spore Crawler  
  84  4:59  Overlord  
  82  5:02  Zerg Melee Weapons Level 1  
  82  5:05  Zerg Ground Armor Level 1  
  82  5:10  Zergling x6  
  82  5:12  Overlord  
  85  5:16  Drone  
  85  5:17  Drone x2  
  88  5:24  Overlord  
  88  5:25  Hatchery, Drone  
  88  5:26  Drone x2  
  90  5:29  Lair  
  90  5:32  Drone x2  
  92  5:37  Extractor, Drone x2  
  92  5:38  Baneling Nest  
  92  5:39  Drone  
  92  5:40  Drone  
  92  5:41  Drone x2  
  96  5:47  Drone  
  96  5:49  Extractor x2  
  95  5:53  Hatchery  
  95  5:56  Zergling x10  
  99  6:01  Zergling x8  
  103  6:09  Overlord x3  
  103  6:13  Zergling x4  
  105  6:23  Baneling x4  
  105  6:29  Centrifugal Hooks  
  105  6:31  Zergling x16  
  113  6:33  Zergling x2  
  113  6:36  Queen  
  113  6:38  Drone x5  
  113  6:39  Hatchery  
  120  6:45  Drone  
  120  6:46  Drone x2  
  123  6:48  Overlord  
  123  6:52  Drone x3  
  126  6:54  Overlord  
  126  6:58  Zerg Melee Weapons Level 2  
  126  6:59  Zerg Ground Armor Level 2  
  126  7:00  Zergling x10  
  131  7:01  Baneling x2  
  131  7:02  Baneling x4  
  131  7:05  Drone  
  132  7:08  Zergling x8  
  132  7:11  Overlord  
  132  7:15  Drone x5  
  138  7:22  Zergling x6  
  141  7:25  Zergling x2  
  142  7:31  Zergling x2  
  142  7:34  Overlord x3  
  142  7:35  Infestation Pit  
  142  7:37  Zergling x12  
  142  7:41  Baneling x5  
  142  7:42  Zergling x4  
  149  7:48  Zergling x16  
  153  7:52  Drone, Queen  
  153  7:55  Drone x2  
  158  8:02  Zergling x8  
  158  8:03  Baneling x11  
  158  8:04  Baneling x2  
  162  8:05  Zergling x6  
  162  8:06  Zergling x8  
  162  8:08  Zergling x6  
  162  8:09  Baneling x3  
  162  8:11  Zergling x2  
  162  8:12  Zergling x4  
  172  8:14  Zergling x4  
  172  8:15  Hatchery  
  172  8:18  Hive  
  172  8:19  Zergling x4  
  165  8:24  Zergling x8  
  160  8:27  Drone  
  160  8:28  Drone x2  
  160  8:29  Baneling x5  
  160  8:31  Zergling x8  
  167  8:35  Zergling x14  
  167  8:37  Baneling x7  
  174  8:42  Zergling x6  
  174  8:45  Zergling x6  
  180  8:50  Zergling x2, Spore Crawler  
  180  8:53  Zergling x4  
  180  8:55  Baneling x5, Overlord  
  182  8:57  Zergling x4  
  182  9:00  Zergling x4  
  185  9:03  Zergling x18  
  185  9:04  Baneling x6  
  185  9:07  Overlord  
  185  9:09  Zergling x8  
  197  9:14  Zergling x8  
  194  9:20  Zergling x2  
  194  9:23  Zergling x6  
  187  9:27  Zergling x8  
  164  9:31  Zergling x10  
  164  9:35  Zergling x10  
  158  9:41  Zergling x16  
  158  9:43  Zergling x6  
  153  9:46  Adrenal Glands  
  153  9:48  Ultralisk Cavern, Zerg Melee Weapons Level 3  
  144  9:53  Baneling, Viper  
  144  9:54  Viper  
  144  9:55  Zergling x8  
  144  9:57  Zergling x2  
  150  10:01  Zergling x10  
  150  10:03  Zergling x2  
  150  10:05  Overseer x3  
  155  10:09  Zergling x12  
  155  10:12  Drone x3  
  164  10:16  Zerg Ground Armor Level 3, Zergling x14  
  164  10:20  Baneling x5  
  171  10:23  Baneling x2  
  171  10:26  Extractor x2, Drone x2  
  171  10:27  Drone x4  
  175  10:29  Extractor, Drone x3  
  175  10:34  Zergling x8  
  175  10:35  Zergling x12  
  187  10:36  Zergling x6  
  187  10:37  Chitinous Plating  
  187  10:42  Zergling x12  
  196  10:43  Baneling x3  
  196  10:47  Zergling x8  
  200  10:52  Overlord  
  200  10:53  Spore Crawler  
  200  10:55  Zergling x2  
  200  10:57  Baneling x5  
  200  11:00  Overseer  
  200  11:08  Baneling x6  
  200  11:12  Baneling  
  200  11:13  Baneling x3  
  200  11:30  Baneling x11  
  200  11:31  Baneling x4  
  200  11:38  Pneumatized Carapace  
  200  11:43  Zergling x4  
  189  11:55  Anabolic Synthesis  
  189  11:58  Ultralisk x2  
  189  12:01  Zergling x22  
  188  12:04  Zergling x22  
  188  12:05  Zergling x22  
  188  12:06  Zergling x20  
  199  12:16  Baneling x17  
  199  12:26  Baneling x2  
  199  12:28  Overseer  
  199  12:32  Baneling x8  
  199  12:33  Baneling x2  
  199  12:34  Overseer  
  199  12:45  Spire  
  199  12:46  Extractor  
  197  12:56  Baneling x4  
  197  12:59  Zergling x2  
  197  13:00  Zergling x2  
  197  13:04  Baneling  
  197  13:05  Baneling x6  
  168  13:23  Ultralisk x2  
  146  13:29  Zergling x30  
  146  13:30  Zergling x86  
  146  13:32  Overlord  
  146  13:33  Overlord x5  
  191  13:35  Overlord  
  191  13:39  Overlord  
  191  13:41  Overseer x4  
  191  13:44  Overlord x2  
  190  13:50  Overlord  
  190  13:53  Baneling x6  
  190  13:54  Baneling x6, Ultralisk  
  190  13:55  Zergling x8  
  192  14:06  Zergling x32  
  176  14:11  Zergling x24  
  176  14:14  Zergling x16  
  177  14:19  Ultralisk x2  
  177  14:21  Zergling x2  
  177  14:22  Zergling x6  
  190  14:25  Zergling x6  
  190  14:26  Zergling x4  
  193  14:32  Zergling x14  
  186  14:42  Zergling x20  
  187  14:51  Zergling x12  
  187  14:56  Zergling x16  
Show
View Real Time Build Order
Export as new Build Order

ByuN Terran 

Build Orders: Hellion Opening, Reaper Expand 

Get SALT Encoding   

  12  0:00  SCV  
  13  0:12  SCV  
  14  0:17  Supply Depot  
  14  0:24  SCV  
  15  0:38  SCV  
  15  0:40  Barracks  
  16  0:42  Refinery  
  16  0:51  SCV  
  17  1:03  SCV  
  18  1:15  SCV  
  19  1:26  Reaper  
  19  1:27  Orbital Command  
  20  1:38  Command Center  
  20  1:45  Supply Depot  
  20  1:52  SCV  
  21  1:58  Marine  
  22  2:02  Factory  
  22  2:05  SCV  
  23  2:17  SCV  
  23  2:20  Barracks Reactor  
  24  2:30  SCV  
  25  2:37  Command Center  
  25  2:42  SCV  
  26  2:50  Orbital Command  
  26  2:54  SCV  
  26  2:57  Starport  
  27  3:01  Refinery  
  27  3:07  SCV  
  27  3:10  Hellion  
  27  3:11  Hellion  
  32  3:19  SCV x2  
  34  3:22  Marine  
  35  3:31  SCV x2  
  35  3:32  Hellion  
  35  3:33  Hellion  
  41  3:36  Viking  
  41  3:41  Barracks Tech Lab  
  43  3:43  SCV x2  
  45  3:49  Orbital Command  
  45  3:55  SCV x2  
  46  3:56  Hellion  
  46  3:58  Hellion  
  51  4:03  Stimpack  
  51  4:07  Marine  
  51  4:09  SCV x2  
  54  4:11  Supply Depot  
  57  4:17  SCV  
  57  4:21  SCV x2  
  60  4:25  Starport Reactor  
  60  4:27  Barracks  
  60  4:28  Orbital Command  
  60  4:30  Factory Tech Lab  
  58  4:33  SCV  
  58  4:34  Supply Depot, SCV  
  58  4:35  Barracks  
  58  4:37  Marine  
  60  4:45  Engineering Bay  
  60  4:46  Engineering Bay, Refinery  
  60  4:47  SCV x2  
  65  4:56  SCV  
  65  4:59  SCV x2  
  65  5:00  Refinery  
  65  5:01  Marine  
  65  5:03  Siege Tank  
  65  5:06  Barracks x2  
  69  5:07  Supply Depot, Starport Reactor  
  69  5:10  SCV  
  69  5:11  SCV  
  69  5:12  SCV  
  72  5:16  Terran Infantry Armor Level 1  
  72  5:17  Terran Infantry Weapons Level 1  
  72  5:22  SCV  
  72  5:23  SCV  
  72  5:24  SCV  
  72  5:25  Marine x2  
  77  5:28  Marine  
  77  5:34  SCV  
  77  5:35  SCV  
  80  5:37  Marine x2  
  80  5:40  Supply Depot, Siege Tank  
  85  5:50  Supply Depot  
  85  5:53  Barracks Reactor x2, Supply Depot  
  85  5:57  Armory  
  85  6:00  Combat Shield  
  85  6:01  Marine x5  
  85  6:02  SCV  
  91  6:06  Medivac  
  91  6:07  Supply Depot  
  91  6:08  Supply Depot  
  93  6:12  SCV x2  
  93  6:13  Medivac  
  93  6:14  SCV  
  98  6:24  SCV x2  
  98  6:25  Marine x5  
  104  6:26  SCV  
  104  6:29  Supply Depot x2  
  104  6:31  Marine x4, Factory  
  110  6:36  SCV x2  
  110  6:38  SCV  
  113  6:42  Marine  
  114  6:48  SCV x2  
  114  6:50  SCV  
  114  6:52  Command Center  
  117  7:00  SCV x2  
  117  7:01  Refinery  
  119  7:02  SCV  
  119  7:03  Marine x8  
  119  7:04  Marine  
  119  7:07  Supply Depot  
  129  7:10  Siege Tank  
  129  7:11  Medivac x2  
  136  7:17  Terran Infantry Armor Level 2  
  136  7:20  Terran Infantry Weapons Level 2  
  135  7:26  Marine  
  135  7:27  Marine x4  
  135  7:28  Marine  
  135  7:29  Marine, SCV x2  
  144  7:30  SCV  
  144  7:33  Factory Reactor  
  144  7:36  Supply Depot  
  145  7:37  Supply Depot  
  145  7:43  Widow Mine  
  147  7:45  Barracks  
  147  7:47  Barracks  
  147  7:48  Barracks  
  146  7:53  Marine  
  146  7:54  Marine x4  
  146  7:57  Marine x4  
  153  7:58  Supply Depot  
  153  8:00  Supply Depot, SCV x2  
  153  8:01  Terran Vehicle And Ship Armor Level 1, Supply Depot, SCV  
  153  8:03  Medivac x2  
  160  8:11  Widow Mine, Marine x4  
  160  8:12  Marine  
  167  8:13  Widow Mine x2  
  167  8:18  Marine x2  
  167  8:19  Marine  
  172  8:26  Marine  
  149  8:29  Marine x5  
  149  8:32  Widow Mine  
  157  8:35  Widow Mine x2, SCV x3  
  157  8:39  Barracks Tech Lab x3  
  163  8:45  Marauder  
  163  8:47  SCV x3  
  163  8:48  Marine x5  
  169  8:49  Marine  
  169  8:50  Marine  
  169  8:52  Marine  
  169  8:53  Widow Mine  
  178  8:59  Drilling Claws  
  178  9:06  Marine  
  178  9:08  Marauder x2  
  183  9:14  Marine  
  183  9:15  Marine x3  
  168  9:17  Marauder x2  
  160  9:25  Marine x2  
  160  9:26  Marine  
  160  9:29  Marauder x2, SCV  
  139  9:31  SCV  
  139  9:33  Marine x2  
  126  9:38  Marauder x2  
  126  9:39  Marine x2  
  126  9:42  SCV x2  
  126  9:43  SCV  
  126  9:45  Marine x4  
  103  9:47  Widow Mine x2  
  103  9:50  Marine x2  
  103  9:51  Marine, Marauder  
  108  9:54  SCV x2  
  108  9:55  SCV  
  108  9:57  Marine x2  
  108  9:59  Marine x2  
  112  10:03  Marine  
  112  10:06  Marine x2, SCV x2  
  117  10:07  SCV  
  117  10:08  Widow Mine  
  117  10:09  Marine x2  
  117  10:12  Marine x2  
  124  10:14  Marauder  
  124  10:19  Terran Infantry Armor Level 3  
  124  10:21  Planetary Fortress, Marine  
  126  10:26  Marauder  
  126  10:27  Marauder  
  131  10:29  Marine  
  131  10:30  Marauder  
  131  10:35  Marine x4  
  134  10:36  Marine x2, Marauder  
  134  10:38  Factory Tech Lab  
  134  10:39  Marine, Siege Tank  
  134  10:40  Terran Infantry Weapons Level 3  
  146  10:43  SCV x3  
  146  10:47  Marine  
  146  10:48  Terran Vehicle Weapons Level 1  
  150  10:54  Marauder x3  
  150  10:55  SCV x3  
  150  10:57  Siege Tank  
  162  10:58  Ghost Academy  
  162  10:59  Refinery  
  162  11:01  SCV  
  163  11:07  SCV x3  
  163  11:08  Liberator x2  
  175  11:11  Siege Tank  
  175  11:15  Refinery  
  175  11:16  Refinery  
  175  11:22  Sensor Tower  
  175  11:25  Marine  
  175  11:26  Marine x4  
  175  11:27  Ghost x3  
  175  11:28  Ghost  
  175  11:29  Marine x3  
  191  11:35  SCV x3  
  194  11:42  Command Center, Sensor Tower  
  191  11:53  Concussive Shells  
  183  11:56  Ghost  
  183  11:57  Siege Tank  
  183  11:58  Ghost  
  160  12:01  SCV x2  
  160  12:02  Siege Tank  
  160  12:03  SCV  
  146  12:14  Command Center  
  146  12:18  Ghost  
  146  12:21  Viking  
  146  12:22  Viking, SCV x2  
  154  12:24  SCV  
  155  12:33  Siege Tank  
  155  12:35  Siege Tank  
  155  12:36  Missile Turret  
  161  12:39  SCV x2  
  161  12:40  SCV  
  161  12:41  Ghost  
  166  12:50  Marauder x3  
  172  12:51  SCV  
  172  12:55  Orbital Command  
  173  13:05  Siege Tank  
  173  13:07  Siege Tank  
  173  13:08  Liberator  
  173  13:09  Marine x6  
  181  13:26  Ghost x2  
  143  13:30  Ghost  
  143  13:34  Orbital Command  
  135  13:35  Marine  
  135  13:36  Marine x6  
  141  13:41  Siege Tank  
  141  13:43  Command Center  
  141  13:44  SCV x3  
  141  13:47  SCV  
  148  13:53  Siege Tank  
  151  14:02  Marine x3, SCV  
  153  14:03  Marine x2  
  153  14:05  SCV x2  
  153  14:06  SCV  
  138  14:10  Marine  
  138  14:12  Marine  
  138  14:14  SCV  
  133  14:17  SCV x2  
  133  14:18  SCV  
  133  14:19  Ghost Academy  
  133  14:20  Marine, Siege Tank  
  133  14:21  Marine  
  133  14:22  Marine  
  133  14:23  Marine x2  
  144  14:26  SCV  
  144  14:27  Siege Tank  
  144  14:28  Marine x2  
  130  14:49  SCV x2  
  130  14:50  SCV  
Tags
 
Add a new tag
Caveats
  • Supply blocks, unpowered buildings, or Contaminate may cause inaccurate times.
  • Supply counts are checked every 10 seconds.